 Dungeon Crawl Stone Soup version 0.28-a0-622-gbaef9634d7 (webtiles) character file.

Game seed: 13500440294135264101

5892 avis the Martial Artist (level 10, -7/85 HPs)
             Began as an Octopode Transmuter on Oct 7, 2021.
             Was an Initiate of Gozag.
             Mangled by a cane toad (22 damage)
             ... on level 8 of the Dungeon on Oct 8, 2021.
             The game lasted 01:17:04 (12804 turns).

avis the Martial Artist (Octopode Transmuter)      Turns: 12804, Time: 01:17:05

Health: -7/85      AC:  8    Str: 12    XL:     10   Next: 82%
Magic:  12/14      EV: 10    Int: 17    God:    Gozag
Gold:   837        SH:  0    Dex: 18    Spells: 4/14 levels left

rFire   x . .      SeeInvis .     - Unarmed
rCold   + + +      Faith    .   (shield currently unavailable)
rNeg    + . .      Spirit   .   (helmet currently unavailable)
rPois   +          Reflect  .   (no amulet)
rElec   .          Harm     .   D - ring of wizardry
rCorr   .          Rampage  .   z - ring of positive energy
Will    .....                   F - +6 ring of dexterity
Stlth   ++........              J - ring of poison resistance
HPRegen 0.24/turn               (no ring)
MPRegen 0.14/turn               (no ring)
                                (no ring)
                                (no ring)

@: ice-form, gold aura, hasted, studying Air Magic, very quick
A: freezing attack, boosted hp, almost no armour, amphibious, 8 rings, large,
(camouflage 1), (gelatinous body 1), (nimble swimmer 1), (tentacles)
a: End Transformation, Renounce Religion, Potion Petition, Call Merchant, Bribe
Branch


You were on level 8 of the Dungeon.
You worshipped Gozag.
Gozag was pleased with you.
You were a creature of crystalline ice.
You visited 3 branches of the dungeon, and saw 10 of its levels.

You collected 1527 gold pieces.
You spent 58 gold pieces at shops.
You paid 632 gold pieces to Gozag.

Inventory:

Hand Weapons
 b - the +9 whip of the Owl {venom, rC+ rN+}
   (You found it on level 8 of the Dungeon)

   It poisons the flesh of those it strikes.
   rC:        It protects you from cold.
   rN:        It protects you from negative energy.
 e - a +0 antimagic halberd
 h - a +0 antimagic rapier
 i - a +0 dagger of venom
 p - a +0 shortbow
 v - a +1 antimagic short sword
 w - a +5 flail of freezing
 y - a +1 whip of flaming
 K - a +2 scimitar of flaming
Missiles
 j - 72 stones
 m - 3 javelins
 o - 156 bolts
 q - 37 arrows
 t - 65 poisoned darts (quivered)
 A - 4 atropa-tipped darts
Armour
 H - a +0 buckler (melded)
 L - a +2 hat (melded)
Magical Staves
 a - a staff of cold (melded)
Jewellery
 z - a ring of positive energy (right front paw)
 D - a ring of wizardry (left front paw)
 F - a +6 ring of dexterity (on tentacle)
 J - a ring of poison resistance (on tentacle)
Wands
 x - a wand of flame (15)
 B - a wand of mindburst (14)
 C - a wand of iceblast (7)
Scrolls
 c - 2 scrolls of teleportation
 d - a scroll of immolation {unknown}
 l - 2 scrolls of fog
 r - a scroll of silence {unknown}
 s - 2 scrolls of magic mapping {unknown}
 E - a scroll of fear {unknown}
 N - 3 scrolls of noise {unknown}
 O - a scroll of acquirement {unknown}
Potions
 f - 3 potions of lignification
 g - 2 potions of might
 n - a potion of resistance
 u - a potion of ambrosia
 G - 2 potions of invisibility
 I - a potion of brilliance


   Skills:
 - Level 7.0 Fighting
 - Level 2.0 Dodging
 - Level 1.0 Stealth
 - Level 4.0 Shields
 - Level 11.0 Unarmed Combat
 * Level 2.8 Spellcasting
 - Level 7.0 Transmutations
 - Level 5.0 Ice Magic


You had 4 spell levels left.
You knew the following spells:

 Your Spells              Type           Power      Damage    Failure   Level
a - Beastly Appendage     Tmut           52%        N/A       1%          1
c - Wereblood             Tmut           26%        N/A       1%          2
p - Spider Form           Tmut/Pois      7%         N/A       5%          3
q - Ice Form              Ice/Tmut       22%        N/A       6%          4

Your spell library contained the following spells:

 Spells                   Type           Power      Damage    Failure   Level
 Ensorcelled Hibernation  Hex/Ice        20%        N/A       4%          2
 Gell's Gravitas          Tloc           1%         N/A       21%         3
 Inner Flame              Hex/Fire       2%         N/A       21%         3
 Lesser Beckoning         Tloc           2%         N/A       21%         3
 Teleport Other           Tloc           2%         N/A       21%         3
 Cause Fear               Hex            1%         N/A       54%         4
 Discord                  Hex            1%         N/A       100%        8


Dungeon Overview and Level Annotations

Branches:
Dungeon (8/15)             Temple (1/1) D:4            Lair (1/6) D:8

Altars:
Ashenzari
Cheibriados
Dithmenos
Fedhas
Gozag
Hepliaklqana
Kikubaaqudgha
Makhleb
Nemelex Xobeh
Okawaru
Qazlal
Ru
Sif Muna
Trog
Uskayaw
Vehumet
Wu Jian
Xom
Yredelemnul
Zin

Shops:
D:5 [   D:6 [   D:8 *

Annotations:
D:3 3 runed translucent doors, AttackTheMoon's ghost, amateur DgEE; FilthyApe's ghost, amateur MiFi; MisterAzrael's ghost, amateur FoFi; a11behringer's ghost, amateur HOFi


Innate Abilities, Weirdness & Mutations

You are a creature of crystalline ice.
You have a powerful freezing melee attack.
Your maximum health is increased.
Your armour is entirely melded.
You are incapable of wielding weapons or throwing items.
You cannot wear most types of armour.
You are amphibious.
You can wear up to eight rings at the same time.
((Your skin changes colour to match your surroundings (Stealth+).))
((Your rubbery body absorbs attacks. (AC +1, EV +1)))
((You are camouflaged near water. (Stealth+)))
((You have tentacles for arms and can constrict up to eight enemies at once.))


Message History

There is a staircase to the Lair here.
You pummel the yak!! You freeze the yak.
The yak is heavily wounded.
The yak closely misses you.
You pummel the yak!! You freeze the yak.
You kill the yak!
You now have 1067 gold pieces (gained 8).
There is a staircase to the Lair here.
You climb downwards.
Welcome back to the Lair of Beasts!
The yak gores you! The cane toad stings you! The yak barely misses you.
The yak gores you!
There is a staircase back to the Dungeon here.
The cane toad stings you! The yak closely misses you. The yak gores you.
* * * LOW HITPOINT WARNING * * *
The cane toad stings you.
* * * LOW HITPOINT WARNING * * *
You climb upwards.
Welcome back to the Dungeon!
There is a staircase to the Lair here.
Okay, then. [a] - 650 gold - haste, brilliance, invisibility and might [b] - 230 gold - haste [c] - 476 gold - lignification, might and resistance Purchase which effect?
You feel yourself speed up. The yak gores you.
* * * LOW HITPOINT WARNING * * *
The yak closely misses you. The cane toad stings you.
* * * LOW HITPOINT WARNING * * *
You feel better. The yak gores you but does no damage.
The cane toad stings you!
* * * LOW HITPOINT WARNING * * *
The yak gores you but does no damage.
You feel better.
You hit the cane toad. You freeze the cane toad.
The cane toad is lightly wounded.
The cane toad stings you but does no damage.
The yak closely misses you. The yak gores you but does no damage.
You barely miss the cane toad.
The cane toad is lightly wounded.
The cane toad stings you!!
You die...
Your body crumbles into a pile of gold.

#.#...##...#......########.......
#.#...##.###......## #.......
#........####......#######.......
...........P..P.P................
##....####.......P.P..####.......
......####.PP......P..## ##......
###.....#..P.P.........# #.......
#.....#P....####.....###....[..
#...........#YY#......##.#.....
#.......P...#FY#..PP.....#.#.#.
#.....#..P).#'##.P.P.....#.....
#.....#...........P......###.#.
########P.......P..P#....# #.#.
#....P.....P.#....# #...
##.....P.PPP##....# ##..
###..[.P.####....# #.. ####.###
#.....# ##.


You could see 2 yaks and a cane toad.

Vanquished Creatures
  Erica (D:8)
  Pikel (D:7)
  A hornet (D:7)
  8 yaks
  A steam dragon (D:7)
  3 orc warriors
  3 ice beasts
  5 black bears
  A sky beast (D:7)
  An ogre (D:4)
  A necrophage (D:5)
  4 centaurs
  A lemure (D:8)
  2 phantoms
  5 kobold brigands
  2 scorpions
  A bullfrog (D:7)
  6 killer bees
  5 wights
  2 centaur zombies (D:6)
  3 hounds
  A bullfrog skeleton (D:5)
  A centaur skeleton (D:7)
  4 iguanas
  An orc wizard (D:5)
  A scorpion zombie (D:5)
  A hound skeleton (D:5)
  A howler monkey zombie (D:6)
  5 gnolls (D:6)
  2 adders
  2 shadow imps (D:7)
  An ufetubus (D:4)
  3 worms
  3 dart slugs
  19 orcs
  7 bats
  6 endoplasms
  3 giant cockroaches
  10 goblins
  12 hobgoblins
  13 jackals
  44 kobolds
  2 quokkas
  4 ball pythons
  7 frilled lizards
  6 rats
216 creatures vanquished.

Vanquished Creatures (others)
  8 fungi (D:8)
  24 plants
  2 withered plants (D:3)
34 creatures vanquished.

Grand Total: 250 creatures vanquished

Notes
Turn   | Place    | Note
-------+----------+-------------------------------------------
     0 | D:1      | avis the Octopode Transmuter began the quest for the Orb.
     0 | D:1      | Reached XP level 1. HP: 13/13 MP: 3/3
     1 | D:1      | Noticed an electric eel
   139 | D:1      | Found a faded altar of an unknown god.
   141 | D:1      | Reached skill level 1 in Stealth
   185 | D:1      | Reached XP level 2. HP: 18/18 MP: 3/5
   864 | D:1      | Reached skill level 4 in Unarmed Combat
   864 | D:1      | Reached XP level 3. HP: 23/23 MP: 4/6
  1578 | D:1      | Learned a level 3 spell: Spider Form
  2041 | D:2      | Reached XP level 4. HP: 29/29 MP: 5/7
  2375 | D:3      | Found a snail-covered altar of Cheibriados.
  2386 | D:3      | Found a runed translucent gate.
  2386 | D:3      | Found a runed translucent gate.
  2386 | D:3      | Found a runed translucent gate.
  2388 | D:3      | Noticed AttackTheMoon's ghost (amateur DgEE)
  2388 | D:3      | Noticed MisterAzrael's ghost (amateur FoFi)
  2389 | D:3      | Noticed a11behringer's ghost (amateur HOFi)
  2390 | D:3      | Noticed FilthyApe's ghost (amateur MiFi)
  2771 | D:3      | Found a hazy altar of Hepliaklqana.
  3009 | D:4      | Noticed an ogre
  3051 | D:4      | Killed an ogre
  3052 | D:4      | Reached skill level 5 in Unarmed Combat
  3052 | D:4      | Reached XP level 5. HP: 36/36 MP: 4/8
  3244 | D:4      | Reached XP level 6. HP: 17/42 MP: 7/9
  3479 | D:4      | Found a staircase to the Ecumenical Temple.
  3512 | Temple   | Entered the Ecumenical Temple
  3605 | Temple   | Became a worshipper of Gozag Ym Sagoz the Greedy
  3692 | D:4      | Learned a level 4 spell: Ice Form
  3863 | D:4      | Found a basalt altar of Yredelemnul.
  4534 | D:5      | Entered Level 5 of the Dungeon
  4827 | D:5      | Reached skill level 6 in Unarmed Combat
  5143 | D:5      | Noticed a necrophage
  5303 | D:5      | Reached XP level 7. HP: 48/48 MP: 8/10
  5468 | D:5      | Found Custrirch's Armour Boutique.
  5984 | D:5      | Reached skill level 7 in Unarmed Combat
  6261 | D:5      | Reached XP level 8. HP: 42/54 MP: 8/11
  6409 | D:5      | Reached skill level 5 in Fighting
  7043 | D:6      | Found Jicas's Armour Shoppe.
  7063 | D:6      | Reached skill level 5 in Transmutations
  7077 | D:6      | Bought a +0 buckler for 58 gold pieces
  7398 | D:6      | Reached skill level 8 in Unarmed Combat
  7516 | D:6      | Reached skill level 1 in Ice Magic
  8255 | D:7      | Reached skill level 9 in Unarmed Combat
  8534 | D:7      | Reached XP level 9. HP: 61/61 MP: 7/12
  9482 | D:7      | Noticed a hornet
  9497 | D:7      | Killed a hornet
  9655 | D:7      | HP: 2/62 [killer bee (5)]
 10041 | Temple   | Learned a level 2 spell: Wereblood
 10265 | D:7      | HP: 3/74 [yak (10)]
 10834 | D:7      | Reached XP level 10. HP: 68/68 MP: 8/13
 10943 | D:7      | Reached skill level 10 in Unarmed Combat
 11128 | D:8      | Found a bloodstained altar of Trog.
 11202 | D:8      | Noticed Pikel
 11285 | D:7      | Killed Pikel
 11610 | D:8      | Reached skill level 5 in Ice Magic
 11782 | D:8      | Found a staircase to the Lair.
 11924 | D:8      | Noticed Erica
 11943 | D:8      | Identified the +9 whip of the Owl {venom, rC+ rN+}
 12072 | D:8      | Found Soff's Serpentskin Sales.
 12113 | D:8      | Killed Erica
 12114 | D:8      | Reached skill level 11 in Unarmed Combat
 12784 | Lair:1   | Entered Level 1 of the Lair of Beasts
 12784 | Lair:1   | Noticed a cane toad
 12804 | D:8      | Mangled by a cane toad

Illustrated notes

Levels and vault maps discovered:
D:1:      arrival_aquarium_a, layout_rooms, ebering_ecumenical_altar_box,
          serial_forest, infiniplex_forest_lined_ring,
          infiniplex_forest_corner_1, infiniplex_forest_end_1,
          infiniplex_forest_clump_tiny, infiniplex_forest_zigzag_2,
          infiniplex_forest_lined_3, infiniplex_forest_lined_2,
          infiniplex_forest_clump_small, infiniplex_forest_straight_4
D:2:      layout_rooms
D:3:      layout_basic, nicolae_overflow_crystal_walls,
          nicolae_hepliaklqana_hazy_memory, gammafunk_ghost_cemetery
D:4:      layout_loops_ring, old_standard_altar,
          minmay_temple_entry_stoned_glass, grunt_decor_fettered
D:5:      kennysheep_kobold_camp, layout_loops_corners, serial_shops, shop,
          minmay_puff
D:6:      corexii_shantytown, layout_cave_pools, serial_shops,
          nicolae_shop_statue_plus
D:7:      layout_basic
D:8:      layout_basic, trog_antimagical, grunt_lair_entry_orc_guard_hut,
          guppyfry_shop_venom, uniq_pikel, uniq_erica
Temple:   lightli_temple_of_artemis
Lair:1:   layout_hall_layers

Skill      XL: |  1  2  3  4  5  6  7  8  9 10 |
---------------+-------------------------------+-----
Stealth        | 1 |  1.0
Unarmed Combat | 4 5 6 7 9 11 | 11.0
Fighting       | 2 3 4 5 6 7 |  7.0
Transmutations | 3 4 5 7 |  7.0
Ice Magic      | 2 4 5 |  5.0
Shields        | 2 4 |  4.0
Dodging        | |  2.0
Spellcasting   | |  2.8

Action                   |  1- 3 |  4- 6 |  7- 9 | 10-12 || total
-------------------------+-------+-------+-------+-------++-------
Melee: Unarmed           |    48 |    24 |   273 |    91 ||   436
       Kick              |    24 |    19 |     2 |       ||    45
       Tentacles         |    10 |    11 |       |       ||    21
       Constrict         |    29 |    25 |     4 |       ||    58
       Punch             |     3 |     4 |     1 |       ||     8
       Short sword       |    48 |    86 |    12 |       ||   146
       Staff             |       |       |     1 |       ||     1
 Fire: Hunting sling     |     4 |       |       |       ||     4
Throw: Dart              |     3 |     5 |       |       ||     8
 Cast: Beastly Appendage |    34 |    29 |     2 |       ||    65
       Spider Form       |       |     3 |    19 |     5 ||    27
       Ice Form          |       |       |    33 |    11 ||    44
Invok: Potion Petition   |       |       |     1 |     1 ||     2
 Abil: End Transformatio |       |       |       |     1 ||     1
  Use: Scroll            |       |     3 |    10 |     1 ||    14
       Potion            |       |       |     6 |     2 ||     8
 Stab: Sleeping          |     5 |     5 |     6 |       ||    16
       Distracted        |       |     1 |     2 |       ||     3
Armor: Skin              |    12 |     4 |    59 |    29 ||   104
Dodge: Dodged            |    43 |    45 |   170 |    58 ||   316

Table legend: (Time is in decaauts)
 A = Elapsed time spent in this place.
 B = Non-inter-level travel time spent in this place.
 C = Inter-level travel time spent in this place.
 D = Time resting spent in this place.
 E = Time spent auto-exploring this place.
 F = Levels seen in this place.
 G = Mean time per level.
                   A        B        C        D        E       F      G
               +--------+--------+--------+--------+--------+-----+--------+
         Total |  12741 |  11866 |    875 |   4728 |   3953 |  10 | 1274.1 |
       Dungeon |  12594 |  11738 |    856 |   4728 |   3868 |   8 | 1574.2 |
        Temple |    139 |    120 |     19 |      0 |     85 |   1 |  139.0 |
          Lair |      8 |      8 |      0 |      0 |      0 |   1 |    8.0 |
               +--------+--------+--------+--------+--------+-----+--------+

Top non-repeatable levels by time:
     D:5: 2287 daAuts
     D:7: 2156 daAuts
     D:6: 2038 daAuts
     D:1: 1619 daAuts
     D:4: 1581 daAuts
     D:8: 1406 daAuts
     D:3: 829 daAuts
     D:2: 675 daAuts
  Temple: 139 daAuts
  Lair:1: 8 daAuts
